 Dungeon Crawl Stone Soup version 0.30-a0-160-gcfceee88d3 (webtiles) character file.

Game seed: 6381086462653621608

16882 qw the Cleaver (level 12, 0/73 HPs)
             Began as a Gargoyle Fighter on Sept 27, 2022.
             Was an Elder of Okawaru.
             Blown up by an orb spider (73 damage)
             ... with an orb of destruction
             ... on level 2 of the Lair of Beasts.
             The game lasted 00:03:59 (10630 turns).

qw the Cleaver (Gargoyle Fighter)                  Turns: 10630, Time: 00:03:59

Health: 0/73       AC: 27    Str: 28    XL:     12   Next: 42%
Magic:  14/19      EV: 10    Int:  6    God:    Okawaru [****..]
Gold:   966        SH: 19    Dex: 25    Spells: 11/11 levels left

rFire   . . .      SeeInvis +    Y - +2 broad axe (drain)
rCold   . . .      Faith    .    c - +0 kite shield of Plasticity {rPois Str+4 Int-4 Dex+4}
rNeg    + . .      Spirit   .    h - +0 chain mail
rPois   inf        Reflect  +    y - +3 helmet of Howling Wind {*Corrode Dex+6 Slay+3 SInv}
rElec   +          Harm     .    a - +1 cloak
rCorr   .          Rampage  .    (no gloves)
Will    .....                    e - +0 pair of boots
Stlth   ..........               r - amulet of reflection
HPRegen 0.22/turn                v - +6 ring of dexterity
MPRegen 0.16/turn                (no ring)

@: finesse-ful
A: sickness immunity, AC +8, negative energy resistance 1, electricity
resistance, torment resistance 1, petrification resistance, talons 1, thin
skeletal structure 1, clumsy 1
a: Renounce Religion, Heroism, Finesse


You were on level 2 of the Lair of Beasts.
You worshipped Okawaru.
Okawaru was greatly pleased with you.
You visited 3 branches of the dungeon, and saw 12 of its levels.

You collected 1152 gold pieces.
You spent 186 gold pieces at shops.


Innate Abilities, Weirdness & Mutations

You are immune to sickness and miasma.
Your stone body is resilient. (AC +8)
You are immune to poison.
You resist negative energy. (rN+)
You are resistant to electric shocks. (rElec)
You are resistant to unholy torment.
You are immune to petrification.
You have sharp toenails.
You have a somewhat thin skeletal structure. (Dex +2, Stealth+)
You are clumsy. (Dex -2)


   Skills:
 + Level 8.1 Fighting
 - Level 11.0 Axes
 - Level 3.0 Throwing
 - Level 7.1 Armour
 - Level 4.0 Dodging
 - Level 10.0 Shields
 + Level 9.7 Invocations


You had 11 spell levels left.
You didn't know any spells.
Your spell library was empty.

Inventory:

Hand Weapons
 m - a +4 flail
 Y - a +2 broad axe of draining (weapon)
Missiles
 g - 11 javelins (quivered)
 k - 3 boomerangs
Armour
 a - a +1 cloak (worn)
 c - the +0 kite shield of Plasticity (worn) {rPois Str+4 Int-4 Dex+4}
   (You acquired it on level 5 of the Dungeon)

   Str:       It affects your strength (+4).
   Int:       It affects your intelligence (-4).
   Dex:       It affects your dexterity (+4).
   rPois:     It protects you from poison.
 e - a +0 pair of boots (worn)
 h - a +0 chain mail (worn)
 y - the +3 helmet of Howling Wind (worn) {*Corrode Dex+6 Slay+3 SInv}
   (Okawaru gifted it to you on level 2 of the Lair of Beasts)

   Dex:       It affects your dexterity (+6).
   Slay:      It affects your accuracy & damage with ranged weapons and melee
   (+3).
   SInv:      It lets you see invisible.
   *Corrode:  It may corrode you when you take damage.
Jewellery
 r - an amulet of reflection (around neck)
 v - a +6 ring of dexterity (left hand)
Scrolls
 b - 2 scrolls of identify
 j - 5 scrolls of teleportation
Potions
 d - 2 potions of might
 f - 3 potions of haste
 i - 4 potions of curing
 l - 3 potions of mutation
 n - a potion of lignification
 o - 4 potions of heal wounds
 p - 2 potions of resistance
 t - a potion of cancellation
 u - a potion of magic
 w - 2 potions of attraction

Dungeon Overview and Level Annotations

Branches:
Dungeon (9/15)             Temple (1/1) D:6            Lair (2/5) D:8
  Swamp (0/4) Lair:2       Spider (0/4) Lair:2          Orc (0/2) D:9

Altars:
Ashenzari
Cheibriados
Dithmenos
Elyvilon
Fedhas
Hepliaklqana
Kikubaaqudgha
Makhleb
Nemelex Xobeh
Okawaru
Ru
Sif Muna
Trog
Uskayaw
Vehumet
Wu Jian
Xom
Yredelemnul
Zin
The Shining One

Shops:
D:6 ?=(=*

Annotations:
D:4 2 runed translucent doors
D:8 3 runed translucent doors, qw's ghost, novice GrFi


Message History

The orb spider's many legs skitter faintly.
You see here a +0 helmet.
You pick your way through the web.
The orb spider weaves a glowing orb of energy.
An orb of destruction comes into view.
There is a web here.
10571 ||| INVOKING Finesse.
You can now deal lightning-fast blows.
An orb of destruction is nearby!
An orb of destruction is nearby!
10572 ||| READING 6 scrolls of teleportation.
As you read the scroll of teleportation, it crumbles to dust.
You feel strangely unstable.
An orb of destruction is nearby!
An orb of destruction is nearby!
10573 ||| Stepping randomly (stuck).
The orb of destruction reflects off an invisible shield around you!
You see here a +0 helmet.
An orb of destruction is nearby!
An orb of destruction is nearby!
10574 ||| Stepping randomly (stuck).
The orb spider spins a strand of pure energy.
An orb of destruction is nearby!
An orb of destruction is nearby!
10575 ||| Stepping randomly (stuck).
You start resting.
Your surroundings suddenly seem different.
Magic restored.
Your hands slow down.
The orb spider's many legs skitter faintly.
The orb spider weaves a glowing orb of energy.
An orb of destruction comes into view.
10628 ||| INVOKING Finesse.
You can now deal lightning-fast blows.
You can no longer enter into single combat with a foe.
Okawaru will no longer gift you equipment.
The orb spider spins a strand of pure energy.
The orb of destruction hits you!!!!
Ouch! That really hurt!
You die...

##....#..P.....<#.# ##..
#.....#...<.####### ####...
##......#..#####.#### #.###..
#...P......#..+.>.+..###.###..
##..#.....##..~0s.~.##....##..
#...P.....##..~0~~~.##.....:..
#.........##..0#~.~..##.......
#P..P.....###.0.##.^##........
#P..P...#+.^#@0.#^..##.......#
##.........^#...^#^0#.........
#.^......#...#.#...[.........
#..........^.........^.......
#..#.####.##..^..#.#.........
#.#### #...#########.###.....
##.## #.<...#####.#..##....#
#...# ##...+...#..#####....#
##..# ##........#...# #....#


You could see an orb spider (charged).

Vanquished Creatures
  A hydra (Lair:2)
  A catoblepas (D:8)
  A bog body (Lair:2)
  Maurice (D:8)
  Joseph (D:8)
  A black mamba (Lair:2)
  A moth of wrath (shapeshifter) (D:8)
  4 cane toads
  A rime drake (Lair:1)
  Maggie (Lair:1)
  3 komodo dragons (Lair:1)
  A meliai (D:8)
  Prince Ribbit (Lair:1)
  3 hornets
  A slime creature (D:8)
  5 blink frogs
  29 yaks
  4 wyverns
  A basilisk (D:8)
  A steam dragon (Lair:2)
  8 water moccasins
  An orc warrior (D:8)
  An ice beast (D:2)
  6 black bears
  2 sky beasts (D:8)
  2 ogres
  3 wolves (Lair:1)
  A centaur (D:8)
  A phantom (D:6)
  4 bullfrogs
  2 necrophages
  2 gnoll sergeants (D:8)
  3 scorpions
  7 wights
  5 killer bees (D:8)
  3 howler monkeys
  A crimson imp (D:6)
  4 jellies
  5 hounds
  3 orc priests
  2 iguanas
  5 orc wizards
  3 adders
  4 gnolls (D:8)
  A shadow imp (D:7)
  3 white imps
  A dart slug (D:2)
  2 worms
  27 orcs
  6 ball pythons
  8 bats
  9 endoplasms
  2 giant cockroaches
  5 goblins
  8 hobgoblins
  12 jackals
  3 quokkas
  2 frilled lizards
  6 kobolds
  6 rats
241 creatures vanquished.

Vanquished Creatures (others)
  6 fungi (Lair:2)
  9 plants
15 creatures vanquished.

Grand Total: 256 creatures vanquished

Notes
Turn   | Place    | Note
-------+----------+-------------------------------------------
     0 | D:1      | qw the Gargoyle Fighter began the quest for the Orb.
     0 | D:1      | Reached XP level 1. HP: 14/14 MP: 1/1
     0 | D:1      | 0 ||| qw: Version: 0.2-a-10-g37ed214
     0 | D:1      | 0 ||| qw: Game counter: 601
     0 | D:1      | 0 ||| qw: Always use a shield: true
     0 | D:1      | 0 ||| qw: God list: Okawaru
     0 | D:1      | 0 ||| qw: Allow faded altars: false
     0 | D:1      | 0 ||| qw: Do Orc after D:15 true
     0 | D:1      | 0 ||| qw: Do second Lair branch before Depths: true
     0 | D:1      | 0 ||| qw: Lair rune preference: random
     0 | D:1      | 0 ||| qw: Plans: Normal, Zot:1-4, God:TSO, Crypt, Tomb,
                  | Pan, Slime:5, Hells, Abyss, Orb
     0 | D:1      | 0 ||| PLANNING D:1-11
    64 | D:1      | Reached skill level 2 in Axes
    81 | D:1      | HP: 3/14 [jackal (2)]
    84 | D:1      | Reached XP level 2. HP: 5/19 MP: 2/2
   318 | D:1      | 318 ||| Stepping ~*~*~tactically~*~*~ (stealth).
   388 | D:1      | 388 ||| DROPPING +0 club.
   769 | D:1      | Reached skill level 3 in Axes
   772 | D:1      | Reached XP level 3. HP: 23/23 MP: 3/3
  1203 | D:1      | 1203 ||| READING scroll labelled FEIRCH MICSO.
  1204 | D:1      | 1204 ||| READING 2 scrolls labelled TEUDITHR HAHUA.
  1410 | D:1      | 1410 ||| DRINKING 2 fizzy ruby potions.
  1544 | D:2      | 1544 ||| SWAPPING to +0 broad axe.
  1551 | D:2      | 1551 ||| DROPPING +0 war axe.
  1554 | D:2      | Found a faded altar of an unknown god.
  1673 | D:2      | 1673 ||| Stepping ~*~*~tactically~*~*~ (stealth).
  2226 | D:2      | Reached XP level 4. HP: 28/28 MP: 4/4
  2439 | D:2      | 2439 ||| UPGRADING to +0 chain mail.
  2449 | D:2      | 2449 ||| DROPPING +0 scale mail.
  2450 | D:2      | 2450 ||| READING scroll labelled LOUNI SOULU.
  2481 | D:3      | Noticed an ice beast
  2482 | D:3      | 2482 ||| STAIRDANCE
  2489 | D:2      | Reached skill level 4 in Axes
  2490 | D:2      | Killed an ice beast
  2491 | D:2      | Reached skill level 5 in Axes
  2491 | D:2      | Reached XP level 5. HP: 17/32 MP: 5/5
  2639 | D:3      | 2639 ||| STAIRDANCE
  2699 | D:3      | Reached XP level 6. HP: 32/38 MP: 6/6
  2700 | D:3      | 2700 ||| STAIRDANCE
  2760 | D:3      | 2760 ||| STAIRDANCE
  2768 | D:3      | 2768 ||| Stepping ~*~*~tactically~*~*~ (stealth).
  2780 | D:3      | 2780 ||| Stepping ~*~*~tactically~*~*~ (stealth).
  2782 | D:3      | 2782 ||| Stepping ~*~*~tactically~*~*~ (stealth).
  2784 | D:3      | 2784 ||| Stepping ~*~*~tactically~*~*~ (stealth).
  2786 | D:3      | 2786 ||| Stepping ~*~*~tactically~*~*~ (stealth).
  2788 | D:3      | 2788 ||| Stepping ~*~*~tactically~*~*~ (hiding).
  2912 | D:3      | 2912 ||| Stepping ~*~*~tactically~*~*~ (stealth).
  3241 | D:3      | 3241 ||| UPGRADING to +0 helmet.
  3246 | D:3      | 3246 ||| READING scroll labelled DUAXOO MOOD ADDEU.
  3247 | D:3      | 3247 ||| READING scroll labelled HIULAU UZASUNI.
  3248 | D:3      | 3248 ||| DRINKING 2 smoky sapphire potions.
  3249 | D:3      | 3249 ||| DRINKING 2 sedimented golden potions.
  3250 | D:3      | 3250 ||| DRINKING 2 murky orange potions.
  3306 | D:4      | Found a large runed translucent door.
  3307 | D:4      | Found a large runed translucent door.
  3379 | D:4      | Reached skill level 6 in Axes
  3626 | D:4      | Reached skill level 1 in Dodging
  3626 | D:4      | Reached XP level 7. HP: 41/43 MP: 7/7
  3946 | D:4      | 3946 ||| UPGRADING to amulet of regeneration.
  3951 | D:4      | 3951 ||| DROPPING ring of magical power.
  3952 | D:4      | 3952 ||| READING scroll labelled IPOALATATO.
  3953 | D:4      | 3953 ||| DRINKING 2 inky potions.
  3954 | D:4      | 3954 ||| DROPPING potion of flight.
  3965 | D:5      | Entered Level 5 of the Dungeon
  3981 | D:5      | 3981 ||| Stepping ~*~*~tactically~*~*~ (stealth).
  3982 | D:5      | 3982 ||| Stepping ~*~*~tactically~*~*~ (stealth).
  3984 | D:5      | 3984 ||| Stepping ~*~*~tactically~*~*~ (stealth).
  4001 | D:5      | 4001 ||| Stepping ~*~*~tactically~*~*~ (hiding).
  4014 | D:5      | 4014 ||| Stepping ~*~*~tactically~*~*~ (stealth).
  4015 | D:5      | 4015 ||| DROPPING +0 mace.
  4132 | D:5      | 4132 ||| DRINKING 4 potions of curing.
  4132 | D:5      | 4132 ||| (to cure confusion)
  4140 | D:5      | Reached skill level 7 in Axes
  4185 | D:5      | 4185 ||| Stepping ~*~*~tactically~*~*~ (stealth).
  4187 | D:5      | 4187 ||| Stepping ~*~*~tactically~*~*~ (stealth).
  4385 | D:5      | Reached skill level 1 in Throwing
  4418 | D:5      | Reached XP level 8. HP: 43/49 MP: 8/8
  4664 | D:5      | 4664 ||| UPGRADING to +0 kite shield.
  4674 | D:5      | 4674 ||| DROPPING +0 buckler.
  4675 | D:5      | 4675 ||| READING scroll labelled XITATE IHUGIKUAMOY.
  4676 | D:5      | 4676 ||| DRINKING 3 viscous emerald potions.
  4676 | D:5      | Gained mutation: You have hidden genetic potential. [potion
                  | of mutation]
  4676 | D:5      | Gained mutation: You are clumsy. (Dex -2) [potion of
                  | mutation]
  4712 | D:6      | Found Geomyxam's Jewellery Boutique.
  4721 | D:6      | 4721 ||| SHOPLISTING +6 ring of strength (504 gold, have
                  | 208).
  4721 | D:6      | 4721 ||| SHOPLISTING amulet of reflection (420 gold, have
                  | 208).
  4721 | D:6      | 4721 ||| SHOPLISTING ring of fire (350 gold, have 208).
  4721 | D:6      | 4721 ||| SHOPLISTING ring of ice (350 gold, have 208).
  4721 | D:6      | 4721 ||| SHOPLISTING ring of resist corrosion (280 gold,
                  | have 208).
  4735 | D:6      | 4735 ||| Stepping ~*~*~tactically~*~*~ (stealth).
  4737 | D:6      | 4737 ||| Stepping ~*~*~tactically~*~*~ (stealth).
  4750 | D:6      | 4750 ||| FLEEEEING.
  4751 | D:6      | 4751 ||| FLEEEEING.
  4752 | D:6      | 4752 ||| FLEEEEING.
  4753 | D:6      | 4753 ||| FLEEEEING.
  4754 | D:6      | 4754 ||| FLEEEEING.
  4755 | D:6      | 4755 ||| FLEEEEING.
  4756 | D:6      | 4756 ||| FLEEEEING.
  4757 | D:6      | 4757 ||| FLEEEEING.
  4758 | D:6      | 4758 ||| FLEEEEING.
  4759 | D:6      | 4759 ||| FLEEEEING.
  4760 | D:6      | 4760 ||| FLEEEEING.
  4761 | D:6      | 4761 ||| FLEEEEING.
  4762 | D:6      | 4762 ||| FLEEEEING.
  4763 | D:6      | 4763 ||| FLEEEEING.
  4764 | D:6      | 4764 ||| FLEEEEING.
  4765 | D:6      | 4765 ||| FLEEEEING.
  4845 | D:6      | Noticed a yak
  4846 | D:6      | Noticed a yak
  4847 | D:6      | 4847 ||| Stepping ~*~*~tactically~*~*~ (stealth).
  4848 | D:6      | 4848 ||| Stepping ~*~*~tactically~*~*~ (stealth).
  4865 | D:6      | Killed a yak
  4893 | D:6      | Found Uphyzy's Assorted Antiques.
  4907 | D:6      | 4907 ||| BUYING golden ring (135 gold).
  4907 | D:6      | Bought a golden ring for 135 gold pieces
  4907 | D:6      | 4907 ||| SHOPLISTING potion of curing (81 gold, have 73).
  4907 | D:6      | 4907 ||| BUYING purple potion (24 gold).
  4907 | D:6      | Bought a purple potion for 24 gold pieces
  4907 | D:6      | 4907 ||| SHOPLISTING runed flail (175 gold, have 49).
  4907 | D:6      | 4907 ||| BUYING scroll labelled ALOHIVYDAQ (27 gold).
  4907 | D:6      | Bought a scroll labelled ALOHIVYDAQ for 27 gold pieces
  4907 | D:6      | 4907 ||| SHOPLISTING scroll of identify (54 gold, have 22).
  4921 | D:6      | 4921 ||| Stepping ~*~*~tactically~*~*~ (stealth).
  4924 | D:6      | 4924 ||| Stepping ~*~*~tactically~*~*~ (stealth).
  4931 | D:6      | Reached skill level 6 in Shields
  4939 | D:6      | HP: 11/49 [wight/+3 hand axe (7)]
  4940 | D:6      | 4940 ||| READING 5 scrolls of teleportation.
  4940 | D:6      | HP: 3/49 [wight/+0 flail (8)]
  4941 | D:6      | 4941 ||| DRINKING potion of heal wounds.
  4944 | D:6      | Found Soikluv's Jewellery Emporium.
  4944 | D:6      | Found Xiar Paemugh's Magic Scroll Boutique.
  4963 | D:6      | 4963 ||| STAIRDANCE
  4985 | D:5      | 4985 ||| DROPPING amulet of magic regeneration.
  4986 | D:5      | 4986 ||| UPGRADING to +6 ring of dexterity.
  4987 | D:5      | 4987 ||| READING scroll labelled VOHYJA LYZETIK.
  4987 | D:5      | Identified a scroll of acquirement
  4987 | D:5      | 4987 ||| ACQUIRING +0 kite shield of Plasticity {rPois
                  | Str+4 Int-4 Dex+4}
  4987 | D:5      | Acquired the +0 kite shield of Plasticity {rPois Str+4
                  | Int-4 Dex+4}
  4989 | D:5      | 4989 ||| UPGRADING to +0 kite shield of Plasticity {rPois
                  | Str+4 Int-4 Dex+4}.
  4999 | D:5      | 4999 ||| DROPPING +0 kite shield.
  5000 | D:5      | 5000 ||| READING scroll labelled LAWKYHAFRO.
  5001 | D:5      | 5001 ||| READING scroll labelled ALOHIVYDAQ.
  5002 | D:5      | 5002 ||| DRINKING 2 sedimented green potions.
  5003 | D:5      | 5003 ||| DROPPING potion of degeneration.
  5023 | D:6      | Reached skill level 8 in Axes
  5023 | D:6      | Reached XP level 9. HP: 54/54 MP: 9/9
  5028 | D:6      | 5028 ||| SHOPLISTING +4 ring of protection (468 gold, have
                  | 22).
  5028 | D:6      | 5028 ||| SHOPLISTING ring "Janal" {rN++ Will- AC+4} (640
                  | gold, have 22).
  5028 | D:6      | 5028 ||| SHOPLISTING ring of ice (325 gold, have 22).
  5028 | D:6      | 5028 ||| SHOPLISTING ring of protection from cold (325
                  | gold, have 22).
  5028 | D:6      | 5028 ||| SHOPLISTING ring of see invisible (195 gold, have
                  | 22).
  5028 | D:6      | 5028 ||| SHOPLISTING ring of willpower (325 gold, have 22).
  5036 | D:6      | 5036 ||| SHOPLISTING 3 scrolls of brand weapon (313 gold,
                  | have 22).
  5036 | D:6      | 5036 ||| SHOPLISTING scroll of acquirement (572 gold, have
                  | 22).
  5036 | D:6      | 5036 ||| SHOPLISTING scroll of teleportation (33 gold, have
                  | 22).
  5042 | D:6      | Found a staircase to the Ecumenical Temple.
  5043 | D:6      | 5043 ||| PLANNING TEMPLE
  5051 | Temple   | Entered the Ecumenical Temple
  5126 | Temple   | 5126 ||| PLANNING OKAWARU WORSHIP
  5298 | Temple   | Became a worshipper of Warmaster Okawaru
  5299 | Temple   | 5299 ||| PLANNING D:1-11
  5410 | D:6      | Found Haococ's Weapon Emporium.
  5444 | D:6      | 5444 ||| Stepping ~*~*~tactically~*~*~ (stealth).
  5445 | D:6      | 5445 ||| Stepping ~*~*~tactically~*~*~ (stealth).
  5457 | D:6      | Reached skill level 6 in Fighting
  5458 | D:6      | Gained mutation: You have a somewhat thin skeletal
                  | structure. (Dex +2, Stealth+) [hidden potential]
  5467 | D:6      | Reached * piety under Okawaru
  5575 | D:6      | 5575 ||| Stepping ~*~*~tactically~*~*~ (stealth).
  5576 | D:6      | 5576 ||| Stepping ~*~*~tactically~*~*~ (stealth).
  5888 | D:6      | 5888 ||| READING scroll labelled FUAJOE CIUPT.
  5889 | D:6      | 5889 ||| DRINKING 2 cyan potions.
  5890 | D:6      | 5890 ||| DRINKING 2 purple potions.
  5991 | D:6      | 5991 ||| DROPPING potion of ambrosia.
  6007 | D:7      | 6007 ||| Stepping ~*~*~tactically~*~*~ (stealth).
  6009 | D:7      | 6009 ||| Stepping ~*~*~tactically~*~*~ (stealth).
  6014 | D:7      | 6014 ||| Stepping ~*~*~tactically~*~*~ (stealth).
  6015 | D:7      | 6015 ||| Stepping ~*~*~tactically~*~*~ (stealth).
  6023 | D:7      | Reached skill level 1 in Invocations
  6028 | D:7      | 6028 ||| INVOKING Heroism.
  6073 | D:7      | 6073 ||| INVOKING Heroism.
  6075 | D:7      | 6075 ||| Stepping ~*~*~tactically~*~*~ (stealth).
  6095 | D:7      | 6095 ||| Stepping ~*~*~tactically~*~*~ (stealth).
  6097 | D:7      | 6097 ||| Stepping ~*~*~tactically~*~*~ (stealth).
  6157 | D:7      | Reached skill level 3 in Invocations
  6199 | D:7      | 6199 ||| DROPPING +0 flail.
  6215 | D:7      | 6215 ||| INVOKING Heroism.
  6479 | D:7      | 6479 ||| UPGRADING to +0 pair of boots.
  6484 | D:7      | 6484 ||| DROPPING amulet of the acrobat.
  6485 | D:7      | 6485 ||| READING 2 scrolls of identify.
  6485 | D:7      | 6485 ||| IDENTIFYING murky ruby potion
  6492 | D:8      | Noticed qw's ghost (novice GrFi)
  6492 | D:8      | Found a runed translucent gate.
  6492 | D:8      | Found a runed translucent gate.
  6492 | D:8      | Found a runed translucent gate.
  6503 | D:8      | 6503 ||| Stepping ~*~*~tactically~*~*~ (hiding).
  6504 | D:8      | 6504 ||| Stepping ~*~*~tactically~*~*~ (hiding).
  6508 | D:8      | 6508 ||| INVOKING Heroism.
  6517 | D:8      | Reached XP level 10. HP: 60/60 MP: 11/13
  6544 | D:8      | Found an ancient bone altar of Kikubaaqudgha.
  6548 | D:8      | Noticed Joseph
  6549 | D:8      | 6549 ||| FLEEEEING.
  6550 | D:8      | 6550 ||| FLEEEEING.
  6551 | D:8      | 6551 ||| STAIRDANCE
  6567 | D:8      | 6567 ||| INVOKING Heroism.
  6575 | D:8      | Killed Joseph
  6576 | D:8      | Reached skill level 9 in Axes
  6587 | D:8      | Gained mutation: You have sharp toenails. [hidden
                  | potential]
  6587 | D:8      | Lost mutation: You have hidden genetic potential. [hidden
                  | potential expressed]
  6729 | D:8      | Noticed Maurice
  6730 | D:8      | Found a staircase to the Lair.
  6731 | D:8      | 6731 ||| INVOKING Heroism.
  6736 | D:8      | Reached ** piety under Okawaru
  6764 | D:8      | 6764 ||| FLEEEEING.
  6765 | D:8      | 6765 ||| FLEEEEING.
  6773 | D:8      | Killed Maurice
  6785 | D:8      | Found a bloodstained altar of Trog.
  6882 | D:8      | Noticed a kobold demonologist
  6897 | D:8      | 6897 ||| UPGRADING to +1 cloak.
  6902 | D:8      | 6902 ||| READING scroll labelled VEMI YSOASTRIO.
  7133 | D:9      | Reached skill level 9 in Shields
  7146 | D:9      | Found a staircase to the Orcish Mines.
  7378 | D:9      | Reached *** piety under Okawaru
  7379 | D:9      | Reached skill level 3 in Dodging
  7541 | D:9      | 7541 ||| UPGRADING to amulet of reflection.
  7551 | D:9      | 7551 ||| DROPPING amulet of regeneration.
  7552 | D:9      | 7552 ||| DRINKING 2 lumpy white potions.
  7553 | D:9      | 7553 ||| READING 2 scrolls of identify.
  7553 | D:9      | 7553 ||| IDENTIFYING white potion
  7582 | D:8      | 7582 ||| INVOKING Heroism.
  7624 | D:8      | 7624 ||| Stepping ~*~*~tactically~*~*~ (hiding).
  7634 | D:8      | Noticed a catoblepas
  7635 | D:8      | 7635 ||| INVOKING Heroism.
  7642 | D:8      | Reached skill level 10 in Axes
  7643 | D:8      | Reached XP level 11. HP: 31/67 MP: 12/14
  7647 | D:8      | a blink frog changed into a moth of wrath
  7647 | D:8      | Noticed a moth of wrath (shapeshifter)
  7649 | D:8      | Killed a catoblepas
  7649 | D:8      | Reached **** piety under Okawaru
  7651 | D:8      | Killed a moth of wrath
  7674 | D:8      | 7674 ||| INVOKING Heroism.
  7971 | D:8      | 7971 ||| INVOKING Heroism.
  8099 | D:8      | 8099 ||| PLANNING LAIR
  8175 | Lair:1   | Entered Level 1 of the Lair of Beasts
  8276 | Lair:1   | 8276 ||| INVOKING Heroism.
  8312 | Lair:1   | Reached ***** piety under Okawaru
  8313 | Lair:1   | Reached skill level 3 in Throwing
  8373 | Lair:1   | 8373 ||| INVOKING Heroism.
  8381 | Lair:1   | Reached skill level 6 in Invocations
  8549 | Lair:1   | 8549 ||| INVOKING Heroism.
  8583 | Lair:1   | Noticed Maggie
  8584 | Lair:1   | 8584 ||| Stepping ~*~*~tactically~*~*~ (stealth).
  8587 | Lair:1   | 8587 ||| Stepping ~*~*~tactically~*~*~ (hiding).
  8602 | Lair:1   | Killed Maggie
  8642 | Lair:1   | 8642 ||| SWAPPING to +2 vorpal broad axe.
  8643 | Lair:1   | 8643 ||| DROPPING +0 broad axe.
  8649 | Lair:1   | 8649 ||| Stepping ~*~*~tactically~*~*~ (stealth).
  8652 | Lair:1   | 8652 ||| Stepping ~*~*~tactically~*~*~ (stealth).
  8708 | Lair:1   | Noticed Prince Ribbit
  8709 | Lair:1   | 8709 ||| INVOKING Heroism.
  8713 | Lair:1   | Killed Prince Ribbit
  9194 | Lair:1   | 9194 ||| READING scroll labelled DIADOA RESTRILE.
  9326 | Lair:2   | 9326 ||| INVOKING Heroism.
  9433 | Lair:2   | 9433 ||| INVOKING Heroism.
  9533 | Lair:2   | 9533 ||| Stepping ~*~*~tactically~*~*~ (stealth).
  9535 | Lair:2   | 9535 ||| INVOKING Heroism.
  9543 | Lair:2   | Reached skill level 11 in Axes
  9548 | Lair:2   | 9548 ||| Stepping ~*~*~tactically~*~*~ (stealth).
  9553 | Lair:2   | Reached XP level 12. HP: 73/73 MP: 16/18
  9589 | Lair:2   | 9589 ||| Stepping ~*~*~tactically~*~*~ (stealth).
  9617 | Lair:2   | 9617 ||| Stepping ~*~*~tactically~*~*~ (hiding).
  9618 | Lair:2   | 9618 ||| Stepping ~*~*~tactically~*~*~ (hiding).
  9618 | Lair:2   | Noticed a six-headed hydra
  9619 | Lair:2   | 9619 ||| INVOKING Heroism.
  9620 | Lair:2   | 9620 ||| Stepping ~*~*~tactically~*~*~ (hiding).
  9622 | Lair:2   | 9622 ||| SWAPPING to +4 flail.
  9623 | Lair:2   | 9623 ||| INVOKING Finesse.
  9631 | Lair:2   | Killed a six-headed hydra
  9631 | Lair:2   | Identified the +3 helmet of Howling Wind {*Corrode Dex+6
                  | Slay+3 SInv} (Okawaru gifted it to you on level 2 of the
                  | Lair of Beasts)
  9631 | Lair:2   | Received a gift from Okawaru
  9632 | Lair:2   | 9632 ||| SWAPPING to +2 vorpal broad axe.
  9678 | Lair:2   | 9678 ||| Stepping ~*~*~tactically~*~*~ (stealth).
  9684 | Lair:2   | Reached skill level 9 in Invocations
  9794 | Lair:2   | Found a hole to the Spider Nest.
  9795 | Lair:2   | 9795 ||| INVOKING Finesse.
  9798 | Lair:2   | 9798 ||| UPGRADING to +3 helmet of Howling Wind {*Corrode
                  | Dex+6 Slay+3 SInv}.
  9801 | Lair:2   | 9801 ||| UPGRADING to +3 helmet of Howling Wind {*Corrode
                  | Dex+6 Slay+3 SInv}.
  9806 | Lair:2   | 9806 ||| UPGRADING to +0 helmet.
  9811 | Lair:2   | 9811 ||| UPGRADING to +3 helmet of Howling Wind {*Corrode
                  | Dex+6 Slay+3 SInv}.
  9813 | Lair:2   | 9813 ||| UPGRADING to +3 helmet of Howling Wind {*Corrode
                  | Dex+6 Slay+3 SInv}.
  9823 | Lair:2   | 9823 ||| DROPPING +0 helmet.
  9824 | Lair:2   | 9824 ||| READING scroll labelled LETTIHOUSA.
  9825 | Lair:2   | 9825 ||| READING scroll labelled POASANGALOM.
  9825 | Lair:2   | HP: 16/73 [disintegration (57)]
  9826 | Lair:2   | 9826 ||| FLEEEEING.
 10127 | Lair:2   | 10127 ||| INVOKING Finesse.
 10128 | Lair:2   | 10128 ||| READING 8 scrolls of teleportation.
 10129 | Lair:2   | 10129 ||| Stepping randomly (stuck).
 10277 | Lair:2   | Found a staircase to the Swamp.
 10279 | Lair:2   | 10279 ||| Stepping ~*~*~tactically~*~*~ (hiding).
 10338 | Lair:2   | 10338 ||| Stepping ~*~*~tactically~*~*~ (stealth).
 10341 | Lair:2   | 10341 ||| Stepping ~*~*~tactically~*~*~ (stealth).
 10408 | Lair:2   | 10408 ||| INVOKING Finesse.
 10409 | Lair:2   | 10409 ||| READING 7 scrolls of teleportation.
 10482 | Lair:2   | 10482 ||| Stepping ~*~*~tactically~*~*~ (stealth).
 10483 | Lair:2   | 10483 ||| INVOKING Heroism.
 10571 | Lair:2   | 10571 ||| INVOKING Finesse.
 10572 | Lair:2   | 10572 ||| READING 6 scrolls of teleportation.
 10573 | Lair:2   | 10573 ||| Stepping randomly (stuck).
 10574 | Lair:2   | 10574 ||| Stepping randomly (stuck).
 10575 | Lair:2   | 10575 ||| Stepping randomly (stuck).
 10628 | Lair:2   | 10628 ||| INVOKING Finesse.
 10630 | Lair:2   | Blown up by an orb spider

Levels and vault maps discovered:
D:1:      psy_arrival_dodecagon, layout_loops_cross, serial_co_window_serial,
          co_window_of_opportunity_a, co_window_corner_a, co_window_paths_b,
          co_window_of_opportunity_a, co_window_paths_a, co_window_corner_b,
          co_window_unsneaky_path_e, co_window_of_opportunity_c,
          co_window_paths_c, co_window_broadway_b, co_window_4corner_a,
          glass_columns_a, glass_columns_b, minmay_bisected
D:2:      layout_basic, hellmonk_ecumenical_altar_blasted
D:3:      layout_rooms
D:4:      layout_gridville, jmf_multi_god_temple2
D:5:      layout_loops_cross
D:6:      layout_basic, minmay_temple_entry_grid, serial_shops,
          nicolae_shop_stone, shop_fountains, nicolae_stop_n_shop_1,
          nicolae_shop_trees, nicolae_lakefront_shop, minmay_fire_ice_demons
D:7:      layout_rooms
D:8:      minmay_klotski, layout_rooms, mainiacjoe_overflow_boulevard,
          trog_ov_bears_minmay, david_lair_generic,
          gammafunk_ghost_nasty_kobolds, uniq_maurice, uniq_joseph
D:9:      layout_roguey, orc_0_dummy
Temple:   dpeg_five_rooms_temple
Lair:1:   layout_loops_ring, lemuel_fruit_fields, lemuel_fruit_fields,
          lemuel_fruit_fields, serial_bayou_shore_b, grunt_megastairs_2,
          serial_bayou_shore_b, serial_bayou_shore_b, uniq_prince_ribbit2,
          uniq_maggie
Lair:2:   layout_chaotic_city, skrybe_swamp_entry_bodies,
          nicolae_spider_entry_orb_guardian

Skill      XL: |  1  2  3  4  5  6  7  8  9 10 11 12 |
---------------+-------------------------------------+-----
Axes           | 2 3 5 6 7 8 10 11 | 11.0
Fighting       | 4 5 6 7 8 |  8.1
Dodging        | 1 2 3 4 |  4.0
Throwing       | 1 2 3 |  3.0
Shields        | 7 8 9 10 | 10.0
Invocations    | 4 8 9 |  9.7
Armour         | 5 7 |  7.1

Action                   |  1- 3 |  4- 6 |  7- 9 | 10-12 || total
-------------------------+-------+-------+-------+-------++-------
Melee: War axe           |    89 |       |       |       ||    89
       Broad axe         |    47 |    77 |   215 |   301 ||   640
       Flail             |       |       |       |     8 ||     8
Throw: Boomerang         |       |    20 |    59 |       ||    79
       Javelin           |       |       |    15 |    42 ||    57
Invok: Heroism           |       |       |     4 |    15 ||    19
       Finesse           |       |       |       |     6 ||     6
  Use: Scroll            |     2 |     3 |     8 |     8 ||    21
       Potion            |     1 |     3 |     7 |     1 ||    12
Armor: Scale mail        |    87 |     1 |       |       ||    88
       Chain mail        |       |    67 |   125 |   114 ||   306
Dodge: Dodged            |    77 |    25 |    46 |    87 ||   235
Block: Buckler           |    24 |    11 |     7 |       ||    42
       Kite shield       |       |       |    74 |   262 ||   336
       Reflection        |       |       |       |     1 ||     1

Table legend:
 A = Non-vault XP
 B = Vault XP
 C = Vault XP percentage of total XP
 D = Non-vault monster count
 E = Vault monster count
 F = Vault count percentage of total count
                 A         B        C        D         E       F
            +---------+---------+-------+---------+---------+-------
      Total |   15645 |    8473 |  35.1 |     206 |      35 |  14.5
            +---------+---------+-------+---------+---------+-------
        D:1 |      43 |       2 |   4.4 |      25 |       1 |   3.8
        D:2 |     236 |       0 |   0.0 |      28 |       0 |   0.0
        D:3 |      79 |       0 |   0.0 |      15 |       0 |   0.0
        D:4 |     408 |       0 |   0.0 |      16 |       0 |   0.0
        D:5 |     757 |       0 |   0.0 |      24 |       0 |   0.0
        D:6 |    1925 |      58 |   2.9 |      25 |       2 |   7.4
        D:7 |    1073 |       0 |   0.0 |      15 |       0 |   0.0
        D:8 |     545 |    5202 |  90.5 |      12 |      22 |  64.7
        D:9 |     859 |       0 |   0.0 |       5 |       0 |   0.0
     Lair:1 |    2839 |    2526 |  47.1 |      13 |       9 |  40.9
     Lair:2 |    6881 |     685 |   9.1 |      28 |       1 |   3.4
            +---------+---------+-------+---------+---------+-------
